[Event "FICS rated blitz game"]
[Site "FICS freechess.org"]
[FICSGamesDBGameNo "20001195"]
[White "Sacbutt"]
[Black "pacip"]
[WhiteElo "1707"]
[BlackElo "1696"]
[WhiteRD "na"]
[BlackRD "na"]
[TimeControl "240+0"]
[Date "1999.08.02"]
[Time "13:46:00"]
[WhiteClock "0:04:00.000"]
[BlackClock "0:04:00.000"]
[ECO "B21"]
[PlyCount "65"]
[Result "1-0"]

1. e4 c5 2. d4 cxd4 3. c3 dxc3 4. Nxc3 g6 5. Nf3 Bg7 6. Bc4 e6 7. O-O Ne7 8. Bg5 h6 9. Bh4 O-O 10. Qd6 Re8 11. Nb5 Na6 12. Rad1 Bf8 13. Qd2 Qc7 14. Nxc7 Nxc7 15. Ne5 g5 16. Bg3 d6 17. Ng4 Bg7 18. Qxd6 Na6 19. Bxa6 bxa6 20. Be5 Ng6 21. Bxg7 Kxg7 22. Qc6 Rb8 23. Qxe8 Bb7 24. Qxb8 Bxe4 25. Ne5 Nf4 26. Qxa7 Kf6 27. Qxf7+ Kxe5 28. Rfe1 Nxg2 29. Rxe4+ Kxe4 30. Qxe6+ Kf3 31. Qf5+ Ke2 32. Kxg2 Kxd1 33. Qd3+ {Black resigns} 1-0

[Event "FICS rated standard game"]
[Site "FICS freechess.org"]
[FICSGamesDBGameNo "20001194"]
[White "Zargon"]
[Black "socksshep"]
[WhiteElo "1383"]
[BlackElo "1437"]
[WhiteRD "na"]
[BlackRD "na"]
[TimeControl "1200+7"]
[Date "1999.08.02"]
[Time "13:41:00"]
[WhiteClock "0:20:00.000"]
[BlackClock "0:20:00.000"]
[ECO "B07"]
[PlyCount "118"]
[Result "1-0"]

1. e4 d6 2. Nf3 Nf6 3. Nc3 g6 4. Bc4 e6 5. O-O Bg7 6. d4 O-O 7. d5 e5 8. Bg5 c6 9. dxc6 Nxc6 10. Bxf6 Bxf6 11. Nd5 Be6 12. b3 Na5 13. Nxf6+ Qxf6 14. Bxe6 Qxe6 15. Ng5 Qf6 16. h4 Nc6 17. f3 Nd4 18. c3 Ne6 19. Nxe6 Qxe6 20. c4 Rac8 21. Rc1 b5 22. cxb5 Rxc1 23. Qxc1 Qd7 24. Qc6 Qxc6 25. bxc6 Rc8 26. Rc1 h5 27. c7 Kf8 28. Rc6 Ke7 29. b4 Kd7 30. Rc4 Rxc7 31. Rxc7+ Kxc7 32. a4 Kb6 33. g4 a5 34. bxa5+ Kxa5 35. gxh5 gxh5 36. Kg2 Kxa4 37. Kg3 Kb5 38. f4 exf4+ 39. Kxf4 Kc6 40. Kg5 Kd7 41. Kxh5 Ke7 42. Kg5 f6+ 43. Kg6 Ke6 44. h5 f5 45. exf5+ Ke5 46. h6 d5 47. h7 Ke4 48. h8=Q d4 49. Qe8+ Kd3 50. f6 Kc3 51. f7 d3 52. Qc8+ Kd2 53. f8=Q Ke2 54. Qfe8+ Kd1 55. Qa6 d2 56. Qa1+ Kc2 57. Qc6+ Kd3 58. Qd1 Ke3 59. Qc3+ Ke4 {Black resigns} 1-0

[Event "FICS rated blitz game"]
[Site "FICS freechess.org"]
[FICSGamesDBGameNo "20001193"]
[White "donsmith"]
[Black "DangerousDan"]
[WhiteElo "1491"]
[BlackElo "1482"]
[WhiteRD "na"]
[BlackRD "na"]
[TimeControl "120+12"]
[Date "1999.08.02"]
[Time "10:03:00"]
[WhiteClock "0:02:00.000"]
[BlackClock "0:02:00.000"]
[ECO "C00"]
[PlyCount "183"]
[Result "1/2-1/2"]

1. e4 e6 2. c4 d5 3. cxd5 exd5 4. exd5 Nf6 5. Nc3 Nxd5 6. Qb3 Nb4 7. Bc4 Nd3+ 8. Kf1 Bc5 9. Bxf7+ Kf8 10. Nf3 Nxf2 11. d4 Nxh1 12. dxc5 Nc6 13. Kg1 Nd4 14. Qd5 Qxd5 15. Bxd5 Nc2 16. Rb1 Bf5 17. Be4 Bxe4 18. Nxe4 Re8 19. Nc3 g6 20. Kxh1 Kf7 21. a3 Ne3 22. Ng5+ Kg7 23. b4 Rhf8 24. Bb2 Nc4 25. Nf3 Nxb2 26. Rxb2 Re3 27. Rc2 Re1+ 28. Ng1 Rff1 29. Ne2 Ra1 30. Rc3 Kf6 31. g3 Rf2 32. Re3 Re1 33. a4 Ra1 34. c6 b6 35. a5 bxa5 36. bxa5 Rxa5 37. Rf3+ Rxf3 38. Nxf3 Rc5 39. Nfd4 a5 40. Nb3 Rc2 41. Ned4 Rc4 42. Nb5 a4 43. N3d4 a3 44. Nxa3 Rxd4 45. Nb5 Rc4 46. Nxc7 Rxc6 47. Nd5+ Ke5 48. Ne3 Ke4 49. Ng4 Rc2 50. Kg1 Kf3 51. Ne5+ Ke4 52. Ng4 h5 53. Nf2+ Kf3 54. Nd3 Re2 55. Kh1 g5 56. Kg1 Ke3 57. Ne5 Ke4 58. Nf7 Kf5 59. h4 g4 60. Nd6+ Ke6 61. Ne8 Kf5 62. Nd6+ Ke6 63. Ne8 Ke7 64. Nc7 Kd6 65. Nb5+ Kc5 66. Nc7 Kd4 67. Kf1 Rc2 68. Ne6+ Ke3 69. Ng5 Rc1+ 70. Kg2 Rc2+ 71. Kf1 Re2 72. Kg1 Rf2 73. Kh1 Rf8 74. Kg2 Rf2+ 75. Kg1 Rf5 76. Kg2 Kd4 77. Kg1 Ke5 78. Kg2 Rxg5 79. hxg5 Kf5 80. Kf2 Kxg5 81. Kg2 Kf5 82. Kf1 Ke4 83. Ke2 Kd4 84. Kd2 Ke4 85. Ke2 Kf5 86. Kf1 Kg5 87. Kg2 h4 88. gxh4+ Kxh4 89. Kh2 g3+ 90. Kg1 Kg4 91. Kg2 Kf4 92. Kg1 {Game drawn by mutual agreement} 1/2-1/2

[Event "FICS rated lightning game"]
[Site "FICS freechess.org"]
[FICSGamesDBGameNo "20001192"]
[White "Pede"]
[Black "opy"]
[WhiteElo "1604"]
[BlackElo "1648"]
[WhiteRD "na"]
[BlackRD "na"]
[TimeControl "60+2"]
[Date "1999.08.02"]
[Time "10:03:00"]
[WhiteClock "0:01:00.000"]
[BlackClock "0:01:00.000"]
[ECO "B52"]
[PlyCount "67"]
[Result "1-0"]

1. e4 c5 2. Nf3 d6 3. Bb5+ Bd7 4. Bxd7+ Nxd7 5. c4 Ngf6 6. Nc3 g6 7. O-O Bg7 8. d3 a6 9. Bg5 Rb8 10. a4 O-O 11. Qd2 Qc7 12. Rfe1 Rfe8 13. Rad1 Qc6 14. b3 b5 15. axb5 axb5 16. Nd5 Qb7 17. Bxf6 Nxf6 18. Qg5 bxc4 19. bxc4 h6 20. Qd2 Nxd5 21. exd5 Qb2 22. Qe3 Bc3 23. Re2 Qb3 24. Rf1 Kg7 25. h4 Ra8 26. h5 g5 27. Nxg5 hxg5 28. Qxg5+ Kf8 29. h6 Ra1 30. Rxa1 Bxa1 31. Re3 Qd1+ 32. Kh2 Rb8 33. h7 Bf6 34. Qg8# {Black checkmated} 1-0

[Event "FICS rated blitz game"]
[Site "FICS freechess.org"]
[FICSGamesDBGameNo "20001191"]
[White "Annie"]
[Black "KingHead"]
[WhiteElo "1364"]
[BlackElo "1314"]
[WhiteRD "na"]
[BlackRD "na"]
[TimeControl "180+10"]
[Date "1999.08.02"]
[Time "00:18:00"]
[WhiteClock "0:03:00.000"]
[BlackClock "0:03:00.000"]
[ECO "B32"]
[PlyCount "54"]
[Result "0-1"]

1. e4 c5 2. Nf3 Nc6 3. d4 cxd4 4. Nxd4 d6 5. Nc3 Bd7 6. f4 Nf6 7. h3 g6 8. Nf3 Qc7 9. Bc4 Bg7 10. Qe2 O-O 11. O-O Qb6+ 12. Kh1 Qc5 13. Be3 Qh5 14. Qd1 Bg4 15. Be2 Rfd8 16. Kg1 d5 17. hxg4 Qxg4 18. e5 Ne4 19. Nxe4 dxe4 20. Nd4 Qh4 21. Bf2 Qxf4 22. g3 Qg5 23. c3 Bxe5 24. Qe1 Nxd4 25. Bxd4 Bxg3 26. Qc1 Bf4+ 27. Kf2 Qg3# {White checkmated} 0-1

[Event "FICS rated blitz game"]
[Site "FICS freechess.org"]
[FICSGamesDBGameNo "20001190"]
[White "Quelorc"]
[Black "vessoj"]
[WhiteElo "1699"]
[BlackElo "1729"]
[WhiteRD "na"]
[BlackRD "na"]
[TimeControl "180+0"]
[Date "1999.08.01"]
[Time "22:17:00"]
[WhiteClock "0:03:00.000"]
[BlackClock "0:03:00.000"]
[ECO "A91"]
[PlyCount "154"]
[Result "0-1"]

1. d4 f5 2. g3 e6 3. Bg2 Nf6 4. Nh3 Be7 5. O-O O-O 6. c4 d6 7. Nc3 h6 8. e4 Qe8 9. e5 Nh7 10. f4 Nd7 11. Be3 Nb6 12. b3 Rb8 13. Rc1 c6 14. Nf2 d5 15. c5 Nd7 16. Bd2 a6 17. a4 g5 18. Qc2 g4 19. h3 h5 20. h4 b6 21. b4 a5 22. bxa5 bxa5 23. Rb1 Ba6 24. Rxb8 Qxb8 25. Rb1 Qa7 26. Bf1 Bxf1 27. Kxf1 Rb8 28. Kg2 Rb7 29. Nd3 Nb8 30. Rxb7 Qxb7 31. Qb2 Qxb2 32. Nxb2 Na6 33. Nd3 Nf8 34. Na2 Bd8 35. Be1 Nd7 36. Bd2 Ndb8 37. Kf2 Kf7 38. Ke3 Bc7 39. Nb2 Ke7 40. Kd3 Kd7 41. Kc2 Kc8 42. Kb3 Kb7 43. Nd3 Ka7 44. Be1 Kb7 45. Bd2 Ka7 46. Be1 Ka8 47. Bd2 Nd7 48. Be1 Kb7 49. Bd2 Kc8 50. Be1 Kd8 51. Bd2 Ke7 52. Be1 Kf7 53. Bd2 Kg7 54. Be1 Kf7 55. Bd2 Ke8 56. Be1 Kd8 57. Bd2 Ke7 58. Be1 Kf8 59. Bd2 Kg7 60. Be1 Kf7 61. Bd2 Ke7 62. Be1 Kd8 63. Bd2 Ndb8 64. Be1 Kc8 65. Bd2 Kb7 66. Be1 Nb4 67. Naxb4 axb4 68. Bxb4 Na6 69. Bc3 Nb8 70. Nb4 Na6 71. Nxa6 Kxa6 72. Kb4 Ba5+ 73. Kb3 Bxc3 74. Kxc3 Ka5 75. Kb3 Ka6 76. Kb4 Ka7 77. Ka5 Kb7 {White forfeits on time} 0-1

[Event "FICS rated blitz game"]
[Site "FICS freechess.org"]
[FICSGamesDBGameNo "20001189"]
[White "Gilun"]
[Black "kotov"]
[WhiteElo "1800"]
[BlackElo "1732"]
[WhiteRD "na"]
[BlackRD "na"]
[TimeControl "120+12"]
[Date "1999.08.01"]
[Time "18:13:00"]
[WhiteClock "0:02:00.000"]
[BlackClock "0:02:00.000"]
[ECO "D58"]
[PlyCount "120"]
[Result "0-1"]

1. d4 Nf6 2. Bg5 e6 3. c4 Be7 4. Nc3 h6 5. Bh4 d5 6. e3 O-O 7. Nf3 b6 8. Qb3 Bb7 9. Ne5 Nbd7 10. f4 c5 11. O-O-O cxd4 12. exd4 Rc8 13. Kb1 dxc4 14. Nxc4 Ne4 15. Be1 Ndf6 16. Ne5 Nxc3+ 17. bxc3 Be4+ 18. Bd3 Bxg2 19. Rg1 Be4 20. Qc2 Bxd3 21. Qxd3 Qd5 22. Qg3 Qe4+ 23. Kb2 Nh5 24. Qg4 Qf5 25. Qg2 Rfd8 26. Qb7 Bf8 27. Bd2 Nxf4 28. Rdf1 Nd3+ 29. Ka1 Nc5 30. Qxc8 Rxc8 31. Rxf5 exf5 32. dxc5 Bxc5 33. Rg2 g5 34. h4 g4 35. Kb2 h5 36. Bg5 Kg7 37. Nd7 Bd6 38. Rd2 Bg3 39. Bf6+ Kg6 40. Kb3 f4 41. Rd6 Kf5 42. Bg5 f3 43. Rf6+ Ke4 44. Rxf7 Kd3 45. Nf6 Rxc3+ 46. Kb4 Bd6+ 47. Kb5 Rc5+ 48. Ka6 Ra5+ 49. Kb7 f2 50. Nxh5 Ke2 51. Be7 f1=Q 52. Rxf1 Kxf1 53. Bxd6 Rxh5 54. Kxa7 Rxh4 55. Kxb6 Rh6 56. Kc5 Rxd6 57. Kxd6 g3 58. a4 g2 59. a5 g1=Q 60. Kc6 Qa7 {White resigns} 0-1

[Event "FICS rated lightning game"]
[Site "FICS freechess.org"]
[FICSGamesDBGameNo "20001187"]
[White "sharky"]
[Black "Pirata"]
[WhiteElo "1666"]
[BlackElo "1777"]
[WhiteRD "na"]
[BlackRD "na"]
[TimeControl "60+0"]
[Date "1999.08.01"]
[Time "14:50:00"]
[WhiteClock "0:01:00.000"]
[BlackClock "0:01:00.000"]
[ECO "C00"]
[PlyCount "96"]
[Result "0-1"]

1. e4 e6 2. Nf3 d5 3. exd5 exd5 4. d4 Nc6 5. Bd3 Nf6 6. c3 Be7 7. O-O O-O 8. Bg5 Bg4 9. Nbd2 Bxf3 10. Nxf3 Nd7 11. Bxe7 Nxe7 12. Re1 Ng6 13. Qc2 Nf6 14. h4 Qd7 15. Bf5 Qd6 16. Ne5 Nxe5 17. dxe5 Qe7 18. exf6 Qxf6 19. Bxh7+ Kh8 20. Bd3 Qxh4 21. Qe2 Rae8 22. Qf3 Rxe1+ 23. Rxe1 Qh6 24. Qh3 Qxh3 25. gxh3 g6 26. Kg2 Kg7 27. Kg3 Kf6 28. Kg4 Rh8 29. f4 c5 30. f5 b5 31. fxg6 fxg6 32. Rf1+ Kg7 33. Rf4 Re8 34. h4 Re1 35. h5 Rg1+ 36. Kf3 Rh1 37. hxg6 c4 38. Bc2 a5 39. b3 a4 40. bxc4 dxc4 41. Rf7+ Kg8 42. Rh7 Rf1+ 43. Ke2 Rg1 44. g7 Rg2+ 45. Kd1 Rg1+ 46. Ke2 Rg2+ 47. Kf1 Rxg7 48. Rh8+ Kf7 {White forfeits on time} 0-1

[Event "FICS rated blitz game"]
[Site "FICS freechess.org"]
[FICSGamesDBGameNo "20001186"]
[White "UPRISING"]
[Black "Grau"]
[WhiteElo "1436"]
[BlackElo "1416"]
[WhiteRD "na"]
[BlackRD "na"]
[TimeControl "180+5"]
[Date "1999.08.01"]
[Time "13:00:00"]
[WhiteClock "0:03:00.000"]
[BlackClock "0:03:00.000"]
[ECO "B58"]
[PlyCount "99"]
[Result "1-0"]

1. e4 c5 2. Nf3 Nc6 3. d4 cxd4 4. Nxd4 d6 5. Be2 Nf6 6. Nc3 a6 7. O-O h6 8. f4 e6 9. f5 e5 10. Nf3 Bd7 11. Be3 Qc7 12. Kh1 O-O-O 13. a4 g6 14. Nd5 Nxd5 15. exd5 Ne7 16. f6 Nf5 17. a5 Nxe3 18. Qd2 Nxf1 19. Bxf1 Bg4 20. Ne1 Kb8 21. Nd3 h5 22. Nb4 Bd7 23. Bxa6 Qc5 24. Be2 Bb5 25. Bxb5 Qxb5 26. a6 Bh6 27. Qe1 Rc8 28. axb7 Kxb7 29. Nc6 Ra8 30. Rb1 Rhc8 31. c4 Qc5 32. b4 Qb6 33. c5 Qb5 34. cxd6 Rxc6 35. dxc6+ Qxc6 36. b5 Qxd6 37. Qe4+ Kb6 38. h3 Ra5 39. Qc4 Qc7 40. Qd5 Be3 41. Qe4 Bd4 42. Qd5 Ra1 43. Rxa1 Bxa1 44. Qe6+ Kxb5 45. Qb3+ Kc6 46. Qa4+ Kd6 47. Qxa1 Ke6 48. Qa2+ Kxf6 49. Qf2+ Kg7 50. g3 {Black forfeits on time} 1-0

[Event "FICS rated blitz game"]
[Site "FICS freechess.org"]
[FICSGamesDBGameNo "20001185"]
[White "worldsong"]
[Black "Kurfuerst"]
[WhiteElo "1766"]
[BlackElo "1631"]
[WhiteRD "na"]
[BlackRD "na"]
[TimeControl "180+0"]
[Date "1999.08.01"]
[Time "12:33:00"]
[WhiteClock "0:03:00.000"]
[BlackClock "0:03:00.000"]
[ECO "B14"]
[PlyCount "75"]
[Result "1-0"]

1. e4 c6 2. d4 d5 3. exd5 cxd5 4. c4 Nf6 5. Nc3 g6 6. Nf3 Bg7 7. h3 O-O 8. Be3 Bf5 9. Be2 e6 10. O-O Nc6 11. c5 Be4 12. a3 Rb8 13. b3 b6 14. b4 bxc5 15. dxc5 Nh5 16. Nd4 Nxd4 17. Bxd4 e5 18. Nxe4 exd4 19. Nd6 d3 20. Bxh5 Bxa1 21. Bf3 Be5 22. Qxd3 Bxd6 23. cxd6 Qxd6 24. Bxd5 Rfd8 25. Rd1 Kg7 26. Qc3+ Qf6 27. Qb3 Rd6 28. Rd3 Rbd8 29. Rf3 Qa1+ 30. Kh2 Qe5+ 31. Rg3 Rxd5 32. Qc2 h5 33. h4 Rd4 34. Kh3 Qe6+ 35. Kh2 Rxh4+ 36. Rh3 Qe5+ 37. g3 Rxh3+ 38. Kxh3 {Black forfeits on time} 1-0

[Event "FICS rated blitz game"]
[Site "FICS freechess.org"]
[FICSGamesDBGameNo "20001184"]
[White "Datrebil"]
[Black "tas"]
[WhiteElo "1777"]
[BlackElo "1891"]
[WhiteRD "na"]
[BlackRD "na"]
[TimeControl "180+0"]
[Date "1999.08.01"]
[Time "02:13:00"]
[WhiteClock "0:03:00.000"]
[BlackClock "0:03:00.000"]
[ECO "E76"]
[PlyCount "50"]
[Result "0-1"]

1. d4 Nf6 2. c4 g6 3. Nc3 Bg7 4. e4 d6 5. f4 O-O 6. Nf3 Bg4 7. Be3 c5 8. d5 e6 9. Be2 exd5 10. cxd5 Re8 11. O-O Nxe4 12. Nxe4 Rxe4 13. Bd2 Nd7 14. Bd3 Rd4 15. Qc2 Bxf3 16. Rxf3 c4 17. Bxc4 Rc8 18. Rc3 Qb6 19. Be3 Qb4 20. Bxd4 Bxd4+ 21. Kh1 Bxc3 22. Qxc3 Qxc3 23. bxc3 Rxc4 24. Re1 Rxc3 25. Re7 Rc1+ {White resigns} 0-1

[Event "FICS rated blitz game"]
[Site "FICS freechess.org"]
[FICSGamesDBGameNo "20001183"]
[White "Jcastle"]
[Black "tmw"]
[WhiteElo "1660"]
[BlackElo "1674"]
[WhiteRD "na"]
[BlackRD "na"]
[TimeControl "180+0"]
[Date "1999.08.01"]
[Time "02:09:00"]
[WhiteClock "0:03:00.000"]
[BlackClock "0:03:00.000"]
[ECO "C00"]
[PlyCount "88"]
[Result "0-1"]

1. e4 e6 2. d3 d5 3. e5 c5 4. Nf3 Nc6 5. g3 Qc7 6. Bg2 Nxe5 7. O-O Nxf3+ 8. Bxf3 Bd6 9. Bg2 Nf6 10. c4 O-O 11. cxd5 Nxd5 12. Nd2 b6 13. Nc4 Be7 14. Bd2 Bb7 15. Ne3 Rad8 16. Ng4 Nf6 17. Nxf6+ Bxf6 18. Bc3 Bxg2 19. Kxg2 Bd4 20. Qf3 Rd5 21. Rae1 Rfd8 22. Re4 Bxc3 23. bxc3 Rxd3 24. Qh5 Rxc3 25. Kg1 Rc2 26. Rh4 h6 27. Qg4 Rd4 28. Qf3 Rxa2 29. Rxd4 cxd4 30. Qa8+ Kh7 31. Qe4+ g6 32. Qxd4 Rc2 33. Qe4 Qc4 34. Qa8 Qc7 35. Qf8 b5 36. Rb1 Rc5 37. Re1 a5 38. Qa8 b4 39. Qa6 Qc6 40. Qe2 a4 41. Rb1 b3 42. Qe4 Rc1+ 43. Rxc1 Qxe4 44. Kf1 Qc2 {White resigns} 0-1

[Event "FICS rated blitz game"]
[Site "FICS freechess.org"]
[FICSGamesDBGameNo "20001182"]
[White "Vartan"]
[Black "Cadfile"]
[WhiteElo "1748"]
[BlackElo "1428"]
[WhiteRD "na"]
[BlackRD "na"]
[TimeControl "300+0"]
[Date "1999.08.01"]
[Time "01:32:00"]
[WhiteClock "0:05:00.000"]
[BlackClock "0:05:00.000"]
[ECO "E90"]
[PlyCount "70"]
[Result "1-0"]

1. Nf3 Nf6 2. c4 g6 3. Nc3 Bg7 4. d4 O-O 5. e4 d6 6. h3 Na6 7. Be3 c5 8. d5 Nc7 9. Bd3 a6 10. a4 Bd7 11. a5 e6 12. O-O exd5 13. exd5 Re8 14. Qd2 Rb8 15. Bf4 Bc8 16. Rfe1 Rxe1+ 17. Rxe1 b5 18. cxb5 axb5 19. Bh6 Ncxd5 20. Nxd5 Nxd5 21. Bxg7 Kxg7 22. Bxg6 hxg6 23. Qxd5 Be6 24. Qd2 b4 25. Ng5 Qd7 26. Qf4 Re8 27. Ne4 Bf5 28. g4 Bxe4 29. Rxe4 Rxe4 30. Qxe4 d5 31. Qe5+ f6 32. Qb8 Qe7 33. Kf1 d4 34. a6 d3 35. Qb7 Qxb7 {Black resigns} 1-0

[Event "FICS rated blitz game"]
[Site "FICS freechess.org"]
[FICSGamesDBGameNo "20001181"]
[White "chaun"]
[Black "AlexBaban"]
[WhiteElo "1686"]
[BlackElo "1648"]
[WhiteRD "na"]
[BlackRD "na"]
[TimeControl "180+0"]
[Date "1999.08.01"]
[Time "00:09:00"]
[WhiteClock "0:03:00.000"]
[BlackClock "0:03:00.000"]
[ECO "B15"]
[PlyCount "51"]
[Result "1-0"]

1. e4 c6 2. d4 d5 3. Nc3 dxe4 4. Nxe4 Nf6 5. Ng5 h6 6. N5f3 Bg4 7. h3 Bh5 8. g4 Bg6 9. Bc4 e6 10. Nh4 Bh7 11. Ngf3 Nbd7 12. Bf4 Nb6 13. Bb3 Nbd5 14. Bg3 Ne4 15. Be5 f6 16. Bh2 Bd6 17. Qe2 Qa5+ 18. Nd2 O-O-O 19. Bxd6 Rxd6 20. O-O-O Nf4 21. Qf3 Nxd2 22. Rxd2 Nd5 23. Re1 g5 24. Qg3 Rd7 25. Ng2 Re8 26. Ne3 {Black forfeits on time} 1-0

[Event "FICS rated standard game"]
[Site "FICS freechess.org"]
[FICSGamesDBGameNo "20001180"]
[White "krajan"]
[Black "yendis"]
[WhiteElo "1364"]
[BlackElo "1385"]
[WhiteRD "na"]
[BlackRD "na"]
[TimeControl "1200+0"]
[Date "1999.07.31"]
[Time "22:03:00"]
[WhiteClock "0:20:00.000"]
[BlackClock "0:20:00.000"]
[ECO "A00"]
[PlyCount "44"]
[Result "0-1"]

1. Nf3 d5 2. Nc3 Nf6 3. d4 Bg4 4. Ne5 Bf5 5. Bg5 Nc6 6. Bxf6 exf6 7. Nf3 Nb4 8. Rc1 Be4 9. a3 Bxf3 10. axb4 Bh5 11. Ra1 Bxb4 12. Ra4 Bxc3+ 13. bxc3 Qd7 14. Rb4 a5 15. Rxb7 O-O 16. Qc1 a4 17. Qf4 a3 18. Rxc7 Qa4 19. e4 a2 20. Bb5 a1=Q+ 21. Kd2 Qd1+ 22. Ke3 Qe2+ {White resigns} 0-1

[Event "FICS rated lightning game"]
[Site "FICS freechess.org"]
[FICSGamesDBGameNo "20001179"]
[White "adder"]
[Black "TheLock"]
[WhiteElo "1610"]
[BlackElo "1400"]
[WhiteRD "na"]
[BlackRD "na"]
[TimeControl "60+0"]
[Date "1999.07.31"]
[Time "21:59:00"]
[WhiteClock "0:01:00.000"]
[BlackClock "0:01:00.000"]
[ECO "C00"]
[PlyCount "55"]
[Result "1-0"]

1. e4 e6 2. Nf3 d5 3. exd5 Qxd5 4. d4 Nf6 5. Nc3 Bb4 6. Bd2 Bxc3 7. Bxc3 Nc6 8. Bd3 O-O 9. O-O b6 10. Ne5 Nxe5 11. dxe5 Nd7 12. Re1 Bb7 13. f3 Rfd8 14. Qe2 Nc5 15. Be4 Qd7 16. Bxb7 Rab8 17. Rad1 Qe7 18. Bc6 Rxd1 19. Rxd1 Rd8 20. Bb4 Rxd1+ 21. Qxd1 g6 22. Be4 Qg5 23. Bxc5 bxc5 24. Qd7 Qxe5 25. Bc6 Qxb2 26. Kf2 Qxc2+ 27. Kg3 Qxa2 28. Qe8+ {Black forfeits on time} 1-0

[Event "FICS rated blitz game"]
[Site "FICS freechess.org"]
[FICSGamesDBGameNo "20001178"]
[White "Chessnuts"]
[Black "Bobber"]
[WhiteElo "1350"]
[BlackElo "1439"]
[WhiteRD "na"]
[BlackRD "na"]
[TimeControl "300+0"]
[Date "1999.07.31"]
[Time "20:51:00"]
[WhiteClock "0:05:00.000"]
[BlackClock "0:05:00.000"]
[ECO "E30"]
[PlyCount "55"]
[Result "1-0"]

1. d4 Nf6 2. c4 e6 3. Nc3 Bb4 4. Bg5 h6 5. Bh4 c5 6. a3 Bxc3+ 7. bxc3 b6 8. Qa4 O-O 9. e3 d6 10. Bd3 Bb7 11. f3 Bc6 12. Qc2 Nbd7 13. e4 Qc7 14. d5 exd5 15. cxd5 Bb7 16. c4 Nh5 17. Ne2 Ne5 18. O-O Nxd3 19. Qxd3 a6 20. g4 Nf6 21. Bxf6 gxf6 22. Qe3 Kg7 23. Ng3 Rg8 24. Nh5+ Kf8 25. Qxh6+ Ke7 26. Qxf6+ Kd7 27. Qxf7+ Kc8 28. Qxg8+ {Black resigns} 1-0

[Event "FICS rated blitz game"]
[Site "FICS freechess.org"]
[FICSGamesDBGameNo "20001177"]
[White "dexy"]
[Black "Kurfuerst"]
[WhiteElo "1676"]
[BlackElo "1631"]
[WhiteRD "na"]
[BlackRD "na"]
[TimeControl "300+0"]
[Date "1999.07.31"]
[Time "17:56:00"]
[WhiteClock "0:05:00.000"]
[BlackClock "0:05:00.000"]
[ECO "A40"]
[PlyCount "67"]
[Result "1-0"]

1. d4 c6 2. b3 d5 3. Bb2 Bf5 4. Nf3 Nd7 5. g3 e6 6. Bg2 Bd6 7. c4 Ngf6 8. Nbd2 Rc8 9. Nh4 Bg6 10. Nxg6 hxg6 11. Nf3 Ne4 12. O-O g5 13. Nd2 f5 14. f3 Nxg3 15. hxg3 Bxg3 16. Rf2 Bxf2+ 17. Kxf2 g4 18. f4 Qh4+ 19. Kf1 Qg3 20. e3 Kf7 21. Qe1 Qxe3 22. Qxe3 Rh2 23. Qg3 Rch8 24. Re1 Nf6 25. cxd5 cxd5 26. Qc3 Ne4 27. Nxe4 fxe4 28. Qc7+ Kf6 29. Qe5+ Kf7 30. f5 R2h6 31. fxe6+ Rxe6 32. Qxd5 Ke7 33. Qxb7+ Kf6 34. d5+ {Black resigns} 1-0

[Event "FICS rated blitz game"]
[Site "FICS freechess.org"]
[FICSGamesDBGameNo "20001176"]
[White "frenchies"]
[Black "spalpeen"]
[WhiteElo "1522"]
[BlackElo "1591"]
[WhiteRD "na"]
[BlackRD "na"]
[TimeControl "360+0"]
[Date "1999.07.31"]
[Time "05:04:00"]
[WhiteClock "0:06:00.000"]
[BlackClock "0:06:00.000"]
[ECO "C44"]
[PlyCount "41"]
[Result "1-0"]

1. e4 e5 2. Nf3 Nc6 3. d4 exd4 4. c3 dxc3 5. Nxc3 Bb4 6. Bc4 Nf6 7. e5 Bxc3+ 8. bxc3 Ng4 9. O-O O-O 10. Re1 d6 11. e6 fxe6 12. Bg5 Nf6 13. Bxe6+ Bxe6 14. Rxe6 a6 15. Qb3 Na5 16. Qa4 b6 17. Rae1 Nb7 18. Qh4 Nc5 19. Re7 h6 20. Bxh6 gxh6 21. Qg3+ {Black resigns} 1-0

[Event "FICS rated blitz game"]
[Site "FICS freechess.org"]
[FICSGamesDBGameNo "20001175"]
[White "Nihilist"]
[Black "omi"]
[WhiteElo "1554"]
[BlackElo "1552"]
[WhiteRD "na"]
[BlackRD "na"]
[TimeControl "300+0"]
[Date "1999.07.31"]
[Time "01:17:00"]
[WhiteClock "0:05:00.000"]
[BlackClock "0:05:00.000"]
[ECO "B45"]
[PlyCount "72"]
[Result "0-1"]

1. e4 c5 2. Nf3 Nc6 3. d4 cxd4 4. Nxd4 Nf6 5. Nc3 e6 6. Be2 Bb4 7. Bf3 O-O 8. Bg5 Be7 9. Nb3 a6 10. a4 Qb6 11. a5 Qc7 12. Be3 d6 13. O-O Ne5 14. Be2 Nc4 15. Bxc4 Qxc4 16. f3 Qc7 17. Na4 Bd8 18. Nb6 Qe7 19. Nxa8 Bd7 20. Bb6 Bxb6+ 21. Nxb6 Bb5 22. Re1 d5 23. e5 Nh5 24. Nd4 Qc5 25. Qd2 Rc8 26. c3 Rc7 27. g4 Ng3 28. hxg3 Qe7 29. Nxb5 axb5 30. f4 g6 31. f5 Qc5+ 32. Kh2 d4 33. Qxd4 Qc6 34. Qd8+ Kg7 35. f6+ Kh6 36. Qf8+ Kg5 {White forfeits on time} 0-1

[Event "FICS rated blitz game"]
[Site "FICS freechess.org"]
[FICSGamesDBGameNo "20001174"]
[White "poisonpawn"]
[Black "ALLtheTIME"]
[WhiteElo "1525"]
[BlackElo "1701"]
[WhiteRD "na"]
[BlackRD "na"]
[TimeControl "180+0"]
[Date "1999.07.30"]
[Time "18:41:00"]
[WhiteClock "0:03:00.000"]
[BlackClock "0:03:00.000"]
[ECO "B20"]
[PlyCount "62"]
[Result "0-1"]

1. e4 c5 2. b4 e6 3. bxc5 Bxc5 4. d4 Bb6 5. c4 Nf6 6. Bg5 h6 7. Bxf6 Qxf6 8. e5 Ba5+ 9. Nd2 Qf4 10. Nf3 g5 11. g3 Bxd2+ 12. Nxd2 Qxd4 13. Bg2 Qxe5+ 14. Qe2 Qxa1+ 15. Qd1 Qxd1+ 16. Kxd1 Nc6 17. Ne4 b6 18. Nf6+ Ke7 19. Nd5+ exd5 20. Bxd5 Bb7 21. Re1+ Kf6 22. f4 gxf4 23. Rf1 Na5 24. Rxf4+ Ke5 25. Bxb7 Nxb7 26. Rxf7 Rhf8 27. Rxd7 Rad8 28. Rd5+ Rxd5+ 29. cxd5 Rf2 30. Ke1 Rxh2 31. d6 Nxd6 {White resigns} 0-1

[Event "FICS rated blitz game"]
[Site "FICS freechess.org"]
[FICSGamesDBGameNo "20001173"]
[White "Avram"]
[Black "Annemi"]
[WhiteElo "1097"]
[BlackElo "1306"]
[WhiteRD "na"]
[BlackRD "na"]
[TimeControl "300+0"]
[Date "1999.07.30"]
[Time "17:16:00"]
[WhiteClock "0:05:00.000"]
[BlackClock "0:05:00.000"]
[ECO "B01"]
[PlyCount "47"]
[Result "1-0"]

1. e4 d5 2. e5 Nc6 3. d4 f6 4. f4 fxe5 5. fxe5 e6 6. Nf3 a6 7. Nbd2 Bb4 8. c3 Be7 9. Nb3 b6 10. Be3 a5 11. Bd3 Ba6 12. O-O Bxd3 13. Qxd3 a4 14. Nbd2 Qd7 15. a3 Na5 16. Ng5 h6 17. Nf7 g5 18. Nxh8 O-O-O 19. Ng6 Kb7 20. Rf7 Qe8 21. Raf1 Rd7 22. Nxe7 Rxe7 23. Rf8 Qb5 24. Qxb5 {Black resigns} 1-0

[Event "FICS rated blitz game"]
[Site "FICS freechess.org"]
[FICSGamesDBGameNo "20001172"]
[White "Eltoro"]
[Black "glomb"]
[WhiteElo "1713"]
[BlackElo "1746"]
[WhiteRD "na"]
[BlackRD "na"]
[TimeControl "300+0"]
[Date "1999.07.30"]
[Time "15:40:00"]
[WhiteClock "0:05:00.000"]
[BlackClock "0:05:00.000"]
[ECO "A21"]
[PlyCount "28"]
[Result "0-1"]

1. c4 e5 2. Nc3 Bc5 3. Nf3 d6 4. a3 f5 5. b4 Bb6 6. Bb2 Nf6 7. d3 O-O 8. e3 e4 9. Nd2 f4 10. d4 fxe3 11. fxe3 c5 12. Ndxe4 Nxe4 13. Nxe4 Qh4+ 14. g3 Qxe4 {White resigns} 0-1